 Dungeon Crawl Stone Soup version 0.16-a0-4113-g7d8e295 (webtiles) character file.

229 Gorice the Ruffian (level 6, -2/48 HPs)
             Began as a Ghoul Wanderer on Feb 28, 2015.
             Slain by a slave (6 damage)
             ... led by Pikel
             ... on level 4 of the Dungeon.
             The game lasted 00:12:52 (2118 turns).

Gorice the Ruffian (Ghoul Wanderer)                 Turns: 2118, Time: 00:12:52

Health: -2/48      AC:  9    Str: 18    XL:     6   Next: 3%
Magic:  5/5        EV:  9    Int:  6    God:
Gold:   116        SH:  0    Dex:  9    Spells: 0 memorised, 5 levels left

rFire  . . .     SeeInvis .       - Unarmed
rCold  + . .     Clarity  .     a - +2 scale mail
rNeg   + + +     SustAb   .     (no shield)
rPois  ∞         Gourm    .     o - +0 helmet
rElec  .         Spirit   .     (no cloak)
rCorr  .         Warding  .     (no gloves)
rMut   .         Stasis   .     (no boots)
MR     .....                    (no amulet)
Stlth  ..........               (no ring)
                                (no ring)

@: very slightly contaminated, rotting, hasted, very quick, not resistant to
hostile enchantments, extremely unstealthy
A: rotting body, claws 1, carnivore 3, cold resistance 1, negative energy
resistance 3, poison resistance, slow healing 1, torment resistance, unbreathing
a: no special abilities


You were on level 4 of the Dungeon.
You were not hungry.

You visited 1 branch of the dungeon, and saw 4 of its levels.

You collected 116 gold pieces.

Inventory:

Hand weapons
 b - a +1 hand axe
 q - a +2 falchion of freezing
   (You took it off Eustachio on level 4 of the Dungeon)
Missiles
 i - 24 poisoned needles
 n - 24 sling bullets
 Z - 47 stones (quivered)
Armour
 a - a +2 scale mail (worn)
 o - a +0 helmet (worn)
Scrolls
 d - a scroll of enchant weapon
 e - a scroll of magic mapping {!r}
 h - 4 scrolls of identify
Potions
 c - 3 potions of curing
 f - 2 potions of ambrosia {!q}
 m - a potion of magic {!q}
 p - a potion of flight {unknown}
Comestibles
 k - a slice of pizza
 l - a royal jelly


   Skills:
 - Level 2.1 Fighting
 - Level 2.6 Axes
 - Level 1.7 Throwing
 - Level 2.6 Armour
 * Level 6.1 Unarmed Combat


You had 5 spell levels left.
You didn't know any spells.

Dungeon Overview and Level Annotations

Branches:
Dungeon (4/15)
 Temple: D:4-7

Altars:
Vehumet

Annotations:
D:4 Pikel


Innate Abilities, Weirdness & Mutations

Your body is rotting away.
You thrive on raw meat.
You have sharp fingernails.
You are carnivorous and can eat meat at any time.
Your flesh is cold resistant.
You are immune to negative energy.
Your system is resistant to poisons.
You heal slowly when monsters are visible.
You are immune to unholy pain and torment.
You can survive without breathing.


Message History

The slave hits you but does no damage. Pikel hits you with a whip of freezing.
You take 7 damage.
Unknown command.
You scratch Pikel.
Pikel is moderately wounded.
The slave hits you but does no damage. The slave hits you.
The slave hits you but does no damage. The slave hits you!
You take 10 damage.
Unknown command.
You claw Pikel!
Pikel is heavily wounded.
Pikel hits you but does no damage. The slave hits you. The slave hits you.
* * * LOW HITPOINT WARNING * * *
Unknown command.
You take 6 damage.
You scratch Pikel but do no damage.
Pikel is heavily wounded.
The slave hits you but does no damage. The slave closely misses you.
Pikel hits you but does no damage.
Unknown command.
You barely miss Pikel.
Pikel is heavily wounded.
The slave barely misses you. The slave hits you.
* * * LOW HITPOINT WARNING * * *
The slave barely misses you. The slave closely misses you.
Pikel hits you with a whip of freezing.
* * * LOW HITPOINT WARNING * * *
You take 3 damage.
Drink which item? (? for menu, Esc to quit)
Really quaff
g - a potion of haste {!q}?
You feel yourself speed up. The slave hits you but does no damage.
The slave barely misses you. The slave hits you but does no damage.
The slave hits you.
* * * LOW HITPOINT WARNING * * *
Pikel hits you with a whip of freezing.
* * * LOW HITPOINT WARNING * * *
Pikel freezes you.
* * * LOW HITPOINT WARNING * * *
You are very lightly contaminated with residual magic.
You take 9 damage.
Drink which item? (? for menu, Esc to quit)
You feel better. The slave hits you.
* * * LOW HITPOINT WARNING * * *
The slave barely misses you. The slave hits you but does no damage.
The slave hits you but does no damage. Pikel hits you with a whip of freezing.
* * * LOW HITPOINT WARNING * * *
You claw Pikel!
Pikel is almost dead.
The slave hits you but does no damage. The slave hits you.
You die...

## ### .# #.# ##.
####.# #.#
#...#### ###.##
####.##. #.
##....## ##...
#..####......##
#..#
##)..K@p.......##
#..#
#....ppp###.....##
#..# #...###..#
###....###..# ..#
##.. ###....#..# .
#..# ##......#
#..# #......# #..#
##...... ##..
#...... ..
##....#.


You could see Pikel (bleeding) and 4 slaves.

Vanquished Creatures
  Eustachio (D:4)
  2 adders (D:4)
  A worm (D:2)
  3 giant geckos (D:3)
  2 oozes
  3 orcs (D:3)
  3 giant cockroaches
  5 goblins
  6 hobgoblins
  7 jackals
  8 kobolds
  2 quokkas
  A ball python (D:3)
  4 bats
  A giant newt (D:2)
  4 rats
53 creatures vanquished.

Vanquished Creatures (others)
  A goliath beetle (D:3)
1 creature vanquished.

Grand Total: 54 creatures vanquished

Notes
Turn   | Place    | Note
--------------------------------------------------------------
     0 | D:1      | Gorice, the Ghoul Wanderer, began the quest for the Orb.
     0 | D:1      | Gorice set off with: a +2 scale mail, a +0 hand axe, a potion of curing
     0 | D:1      | Reached XP level 1. HP: 17/17 MP: 1/1
   138 | D:1      | Reached skill level 1 in Unarmed Combat
   188 | D:1      | Reached XP level 2. HP: 24/24 MP: 2/2
   287 | D:1      | Reached skill level 2 in Unarmed Combat
   845 | D:2      | Reached XP level 3. HP: 24/29 MP: 3/3
  1061 | D:2      | Reached skill level 3 in Unarmed Combat
  1293 | D:3      | Found a radiant altar of Vehumet.
  1508 | D:3      | Reached XP level 4. HP: 31/35 MP: 3/3
  1624 | D:3      | Reached skill level 4 in Unarmed Combat
  1929 | D:4      | Noticed Eustachio
  1967 | D:4      | Killed Eustachio
  1967 | D:4      | Reached skill level 6 in Unarmed Combat
  1967 | D:4      | Reached XP level 5. HP: 19/41 MP: 4/4
  2039 | D:4      | Reached XP level 6. HP: 38/48 MP: 5/5
  2099 | D:4      | Noticed a slave
  2102 | D:4      | Noticed a slave
  2103 | D:4      | Noticed a slave
  2104 | D:4      | Noticed a slave
  2104 | D:4      | Noticed Pikel
  2113 | D:4      | HP: 13/48 [slave[Pikel] (2)]
  2116 | D:4      | HP: 2/48 [Pikel/whip of freezing (5)]
  2118 | D:4      | Slain by a slave

Action                   |  1- 3 |  4- 6 || total
-------------------------+-------+-------++-------
Melee: Hand axe          |    63 |       ||    63
       Unarmed           |   104 |    80 ||   184
  Use: Scroll            |     6 |     4 ||    10
       Potion            |       |     2 ||     2
  Eat: Chunk             |     9 |     9 ||    18

Table legend:
 A = Turns spent in this place as a percentage of turns spent in the entire game.
 B = Non-inter-level travel turns spent in this place as a percentage of non-inter-level travel turns spent in the entire game.
 C = Inter-level travel turns spent in this place as a percentage of turns spent in this place.
 D = Turns resting spent in this place as a percentage of non-inter-level travel turns spent in this place.
 E = Turns spent auto-exploring this place as a percentage of non-inter-level travel turns spent in this place.
 F = Non-inter-level travel turns spent in this place divided by the number of levels of this place that you've seen.
                   A       B       C       D       E      F
               +-------+-------+-------+-------+-------+----------------------
         Total | 100.0 | 100.0 |   0.4 |   0.0 |   5.7 | 240.5
       Dungeon | 100.0 | 100.0 |   0.4 |   0.0 |   5.7 | 240.5
               +-------+-------+-------+-------+-------+----------------------

Vault maps used:
D:1:      mrwooster_arrival_arrow
D:3:      fiery_altar_vehumet
D:4:      uniq_pikel, uniq_eustachio
